 Dungeon Crawl Stone Soup version 0.27-a0-512-g57cc695410 (webtiles) character file.

Game seed: 5892580114585845969

31 Drazool the Slasher (level 3, 28/28 HPs)
             Began as a Demonspawn Gladiator on Mar 3, 2021.
             Quit the game on level 2 of the Dungeon.
             The game lasted 00:04:09 (1712 turns).

Drazool the Slasher (Demonspawn Gladiator)          Turns: 1712, Time: 00:04:09

Health: 28/28      AC:  1    Str: 15    XL:     3   Next: 7%
Magic:  3/3        EV: 12    Int: 11    God:
Gold:   81         SH:  3    Dex: 14    Spells: 2/2 levels left

rFire    . . .     SeeInvis .   a - +0 long sword
rCold    . . .     Faith    .   j - +0 buckler
rNeg     . . .     Spirit   .   b - +0 leather armour
rPois    .         Reflect  .   (helmet restricted)
rElec    .         Harm     .   (no cloak)
rCorr    .         Rampage  .   (no gloves)
Will     .....                  (no boots)
Stlth    +.........             (no amulet)
HPRegen  0.09/turn              (no ring)
MPRegen  0.08/turn              (no ring)

@: no status effects
A: antennae 1, hooves 1, clever 1, deformed body
a: no special abilities


You were on level 2 of the Dungeon.
You visited 1 branch of the dungeon, and saw 2 of its levels.

You collected 81 gold pieces.

Inventory:

Hand Weapons
 a - a +0 long sword (weapon)
Missiles
 d - 3 throwing nets (quivered)
Armour
 b - a +0 leather armour (worn)
 c - a +0 helmet
 j - a +0 buckler (worn)
Jewellery
 n - a ring of wizardry
Scrolls
 i - a scroll of teleportation
 m - a scroll of magic mapping
Potions
 l - a potion of haste {unknown}
 p - a potion of curing {unknown}
 q - a potion of heal wounds {unknown}


   Skills:
 * Level 2.3 Fighting
 * Level 3.2 Long Blades
 + Level 1.8 Throwing
 - Level 0.1 Armour
 + Level 3.0 Dodging
 + Level 0.1 Shields


You had 2 spell levels left.
You didn't know any spells.
Your spell library was empty.

Dungeon Overview and Level Annotations

Branches:
Dungeon (2/15)

Altars:


Innate Abilities, Weirdness & Mutations

You have a pair of small antennae on your head.
You have large cloven feet.
Your mind is acute. (Int +2)
Armour fits poorly on your strangely shaped body.


Message History

There is a stone staircase leading down here.
You climb downwards.
There is a stone staircase leading up here.
As you read the scroll labelled BOMIUN KAIGECK, it crumbles to dust.
The scroll dissolves into smoke.
It was a scroll of fog.
As you read the scroll labelled ILALUASSUPT, it crumbles to dust.
Your +0 long sword glows shining leaf green for a moment.
It was a scroll of random uselessness.
As you read the scroll labelled UCWOKH SIXE, it crumbles to dust.
You assume a fearsome visage.
Nothing appears to happen.
It was a scroll of fear.
As you read the scroll labelled AWITRE HUKKEU, it crumbles to dust.
You feel strangely unstable.
It was a scroll of teleportation.
You climb upwards.
There is a stone staircase leading down here.
Your surroundings suddenly seem different.
(D) Dungeon
Where to? (Enter - D:1, ? - help)
There is an open door here.
There is a stone staircase leading down here.
You climb downwards.
Found a scroll labelled EXZY IHASUKK.
There is a stone staircase leading up here.
As you read the scroll labelled UTIHOB JARYTANT, it crumbles to dust.
It is a scroll of amnesia.
You feel forgetful for a moment.
As you read the scroll labelled DEXILE WIHOE, it crumbles to dust.
You feel aware of your surroundings.
It was a scroll of magic mapping.
As you read the scroll labelled LAPLONT SIGHE, it crumbles to dust.
The air around you briefly surges with heat, but it dissipates.
It was a scroll of immolation.
e - a scroll labelled EXZY IHASUKK
There is a stone staircase leading up here.
As you read the scroll labelled EXZY IHASUKK, it crumbles to dust.
It is a scroll of identify.
f - a potion of mutation Really quaff the potion of mutation?
You feel extremely strange.
Your body twists and deforms.
You feel clever.
Your feet thicken and deform.
Are you sure you want to abandon this character and quit the game? (Confirm with "yes".)

****#.# **,,,,,** *,
#.# **,,,** *, ##.##
**+** *,
#...#####*,****** *,
#.......##.**,,,* *,
####..........,,,*,* *,
#..........#..,*,,,* *,
#.............,,*,****,
#.....@....#..,**,,,,,,
####.......#*,*********
#...#####*** #...#
#####


There were no monsters in sight!

Vanquished Creatures
  2 dart slugs (D:1)
  2 goblins (D:1)
  5 hobgoblins (D:1)
  3 kobolds (D:1)
  8 bats (D:1)
  8 rats (D:1)
28 creatures vanquished.

Vanquished Creatures (others)
  A plant (D:1)
1 creature vanquished.

Grand Total: 29 creatures vanquished

Notes
Turn   | Place    | Note
-------+----------+-------------------------------------------
     0 | D:1      | Drazool the Demonspawn Gladiator began the quest for the
                  | Orb.
     0 | D:1      | Reached XP level 1. HP: 16/16 MP: 1/1
   520 | D:1      | Gained mutation: You have a pair of small antennae on your
                  | head. [demonic ancestry]
   520 | D:1      | Reached XP level 2. HP: 22/22 MP: 2/2
  1072 | D:1      | Reached XP level 3. HP: 23/27 MP: 3/3
  1711 | D:2      | Gained mutation: Armour fits poorly on your strangely
                  | shaped body. [potion of mutation]
  1711 | D:2      | Gained mutation: Your mind is acute. (Int +2) [potion of
                  | mutation]
  1711 | D:2      | Gained mutation: You have large cloven feet. [potion of
                  | mutation]
  1712 | D:2      | Quit the game

Illustrated notes

Levels and vault maps discovered:
D:1:      evilmike_arrival_hilbert_curve, layout_basic, serial_bayou_crossing
D:2:      layout_loops_corners

Skill      XL: |  1  2 |
---------------+-------+-----
Long Blades    | 3 |  3.2
Dodging        | 3 |  3.0
Fighting       | |  2.3
Throwing       | |  1.8
Armour         | |  0.1
Shields        | |  0.1

Action                   || total
-------------------------++-------
Melee: Long sword        ||    78
  Use: Scroll            ||     8
       Potion            ||     1
 Stab: Sleeping          ||     2
Armor: Leather armour    ||    25
Dodge: Dodged            ||    59
Block: Buckler           ||     6
       Rpst.: Long sword ||    25

Table legend: (Time is in decaauts)
 A = Elapsed time spent in this place.
 B = Non-inter-level travel time spent in this place.
 C = Inter-level travel time spent in this place.
 D = Time resting spent in this place.
 E = Time spent auto-exploring this place.
 F = Levels seen in this place.
 G = Mean time per level.
                   A        B        C        D        E       F      G
               +--------+--------+--------+--------+--------+-----+--------+
         Total |   1746 |   1660 |     86 |      0 |   1420 |   2 |  873.0 |
       Dungeon |   1746 |   1660 |     86 |      0 |   1420 |   2 |  873.0 |
               +--------+--------+--------+--------+--------+-----+--------+

Top non-repeatable levels by time:
     D:1: 1653 daAuts
     D:2: 92 daAuts
